 Dungeon Crawl Stone Soup version 0.31.0-11-ge490571c62 (webtiles) character file.

Game seed: 333106465134732597

117 bearlyready the Ruffian (level 5, 0/33 HPs)
             Began as an Octopode Shapeshifter on Feb 4, 2024.
             Slain by a mummy (16 damage)
             ... on level 4 of the Dungeon.
             The game lasted 00:03:32 (2166 turns).

bearlyready the Ruffian (Octopode Shapeshifter)     Turns: 2166, Time: 00:03:33

Health: 0/33       AC:  1    Str: 15    XL:     5   Next: 1%
Magic:  5/5        EV: 13    Int: 12    God:
Gold:   77         SH:  0    Dex: 12    Spells: 4/4 levels left

rFire   . .          .
                       - Unarmed
rCold   . . .        (no shield)
rNeg    . . .        (helmet currently unavailable)
rPois   .            (no amulet)
rElec   .            (no ring)
rCorr   .            (no ring)
SInv    .            (no ring)
Will    .....        (no ring)
Stlth   ++           (no ring)
HPRegen 0.25/turn    (no ring)
MPRegen 0.09/turn    (no ring)
                     (no ring)

%: no passive effects
@: beast-form
A: beast (slay +2), almost no armour, amphibious, 8 rings, camouflage 1,
gelatinous body 1, (nimble swimmer 1), tentacles
a: Begin Untransformation


You were on level 4 of the Dungeon.
You were a hulking beast.
You visited 1 branch of the dungeon, and saw 4 of its levels.

You collected 77 gold pieces.

Inventory:

Armour
 p - a scarf of resistance
Jewellery
 j - a ring of ice
Talismans
 b - a beast talisman
 c - a flux talisman
Wands
 o - a wand of roots (5)
Scrolls
 f - 5 scrolls of identify {unknown}
 g - 2 scrolls of enchant armour {unknown}
 i - a scroll of vulnerability {unknown}
 m - a scroll of torment {unknown}
 n - a scroll of enchant weapon {unknown}
 q - a scroll of teleportation {unknown}
Potions
 a - a potion of lignification
 d - 2 potions of degeneration {unknown}
 e - a potion of invisibility {unknown}
 h - 2 potions of enlightenment {unknown}
 k - 4 potions of heal wounds {unknown}
 l - a potion of berserk rage {unknown}


   Skills:
 - Level 1.0 Fighting
 - Level 2.0 Dodging
 + Level 4.4 Unarmed Combat
 + Level 4.2 Shapeshifting


You had 4 spell levels left.
You didn't know any spells.
Your spell library contained the following spells:

 Spells                   Type           Power      Damage    Failure   Level
 Freeze                   Ice            0%         1d3       32%         1
 Ensorcelled Hibernation  Hex/Ice        0%         N/A       45%         2
 Frozen Ramparts          Ice            0%         1d1       69%         3
 Hailstorm                Conj/Ice       0%         3d5       69%         3
 Passwall                 Erth           0%         N/A       69%         3
 Swiftness                Air            0%         N/A       69%         3


Dungeon Overview and Level Annotations

Branches:
Dungeon (4/15)
 Temple: D:4-7

Altars:

Shops:
D:1 =(

Portals:
Ossuary: D:4


Innate Abilities, Weirdness & Mutations

You are a hulking beast.
Your limbs bulge with bestial killing power. (Slay +2)
You cannot wear most types of armour.
You are amphibious.
You can wear up to eight rings at the same time.
Your skin changes colour to match your surroundings (Stealth+).
Your rubbery body absorbs attacks. (AC +1, EV +1)
((You are camouflaged when in or above water. (Stealth+)))
You have tentacles for arms and can constrict up to eight enemies at once.


Message History

Okay, then.
The endoplasm quivers.
There is a stone staircase leading up here.
The endoplasm hits you.
You climb upwards.
There is a stone staircase leading down here.
You tentacle-slap the endoplasm. You squeeze the endoplasm.
You kill the endoplasm!
HP restored.
There is an escape hatch in the floor here.
There is a stone staircase leading down here.
You climb downwards.
You hear the hiss of flowing sand.
There is an entrance to an ossuary on this level.
Hurry and find it before the portal is buried!
Found a scroll labelled OLORUSAYMN and a smoky black potion.
There is a stone staircase leading up here.
q - a scroll labelled OLORUSAYMN You hear the slow hiss of an avalanche of sand very nearby.
k - 4 smoky black potions (gained 1)
Found a flail.
You open the door.
A mummy comes into view.
Found a sand-covered staircase.
You tentacle-slap the mummy. You grab the mummy.
The mummy is moderately damaged.
You constrict the mummy.
You tentacle-slap the mummy but do no damage.
The mummy is moderately damaged.
You constrict the mummy. The mummy hits you!
You tentacle-slap the mummy.
The mummy is severely damaged.
You constrict the mummy. You tentacle-slap the mummy.
The mummy is almost destroyed.
You constrict the mummy. The mummy hits you.
You tentacle-slap the mummy but do no damage.
The mummy is almost destroyed.
You constrict the mummy, but do no damage.
The mummy hits you!
You die...

.....#.......##
................
..............# .
..............##.. #
.................. ##.
.................. #..#
....).............
..............h.......
..#..###+###.###M###...
....# ##...##∩#
#..###.....###
#..#.......#.
##..###+###... ###...##
.... #......## ......
#.......#.......


You could see a mummy.

Vanquished Creatures
  Ijyb (D:3)
  Jessica (D:3)
  2 adders (D:3)
  2 dart slugs
  2 orcs (D:3)
  8 bats
  2 endoplasms
  7 hobgoblins
  3 ball pythons
  5 frilled lizards
  A goblin (D:1)
  2 kobolds
  9 rats
45 creatures vanquished.

Notes
Turn   | Place    | Note
-------+----------+-------------------------------------------
     0 | D:1      | bearlyready the Octopode Shapeshifter began the quest for
                  | the Orb.
     0 | D:1      | Reached XP level 1. HP: 13/13 MP: 1/1
    39 | D:1      | Reached XP level 2. HP: 13/18 MP: 2/2
   172 | D:1      | Found Qankugee's Jewellery Emporium.
   191 | D:1      | Found Gefyumok's Weapon Emporium.
   809 | D:2      | Reached XP level 3. HP: 20/23 MP: 3/3
  1333 | D:3      | Noticed Jessica
  1337 | D:3      | Killed Jessica
  1338 | D:3      | Reached XP level 4. HP: 28/28 MP: 4/4
  1690 | D:3      | Noticed Ijyb
  1702 | D:3      | Killed Ijyb
  1965 | D:3      | Reached XP level 5. HP: 33/33 MP: 5/5
  2161 | D:4      | Found a sand-covered staircase.
  2166 | D:4      | Slain by a mummy

Illustrated notes

Levels and vault maps discovered:
D:1:      minmay_arrival_semitransparent, layout_basic, serial_shops,
          shop_statue, shop
D:2:      layout_basic
D:3:      layout_loops_ring, minmay_misc_feat_more_columns, eino_tiny_chamber,
          uniq_jessica, uniq_ijyb
D:4:      layout_rooms, nicolae_ossuary_entry_giza

Skill      XL: |  1  2  3  4 |
---------------+-------------+-----
Unarmed Combat | 4 |  4.4
Shapeshifting  | 4 |  4.2
Fighting       | |  1.0
Dodging        | |  2.0

Action                     |  1- 3 |  4- 6 || total
---------------------------+-------+-------++-------
  Melee: Unarmed           |    55 |    36 ||    91
         Constrict         |    14 |     7 ||    21
         Tentacles         |     6 |     6 ||    12
         Punch             |     1 |     1 ||     2
   Stab: Sleeping          |     5 |     3 ||     8
         Distracted        |       |     1 ||     1
 Armour: Skin              |    12 |     8 ||    20
  Dodge: Dodged            |    44 |    19 ||    63
